 Dungeon Crawl Stone Soup version 0.26.0-18-gc5c842f807 (webtiles) character file.

Game seed: 8410557108285975168

26 thiole the Magician (level 3, 0/21 HPs)
             Began as an Octopode Hedge Wizard on Jan 22, 2021.
             Succumbed to an adder's poison
             ... on level 2 of the Dungeon.
             The game lasted 00:00:46 (1082 turns).

thiole the Magician (Octopode Hedge Wizard)         Turns: 1082, Time: 00:00:47

Health: 0/21       AC:  1    Str:  7    XL:     3   Next: 8%
Magic:  5/8        EV: 13    Int: 17    God:
Gold:   32         SH:  0    Dex: 11    Spells: 7/8 levels left

rFire    + . .     SeeInvis .   a - +0 dagger
rCold    + . .     Faith    .   (no shield)
rNeg     . . .     Spirit   .   b - +0 hat
rPois    +         Reflect  .   (no amulet)
rElec    +         Harm     .   (no ring)
rCorr    +         Rampage  .   (no ring)
Will     .....                  (no ring)
Stlth    +++.......             (no ring)
HPRegen  0.07/turn              (no ring)
MPRegen  0.11/turn              (no ring)
                                (no ring)
                                (no ring)

@: brilliant, lethally poisoned (0 -> -5), resistant, berserk cooldown, slowed,
very slow
A: almost no armour, stealthy swim, amphibious, 8 rings, constrict 8, tentacle
spike 1, camouflage 1, high mp 1, weak 1, gelatinous body 1
a: no special abilities


You were on level 2 of the Dungeon.
You visited 1 branch of the dungeon, and saw 2 of its levels.

You collected 32 gold pieces.

Inventory:

Hand Weapons
 a - a +0 dagger (weapon)
Armour
 b - a +0 hat (worn)
Jewellery
 d - an uncursed amulet of guardian spirit {unknown}
Scrolls
 h - a scroll of teleportation {unknown}
 i - 2 scrolls of identify {unknown}


   Skills:
 - Level 2.0 Dodging
 + Level 3.1 Stealth
 + Level 3.2 Spellcasting
 * Level 1.8 Conjurations
 * Level 1.8 Summonings
 - Level 1.0 Translocations


You had 7 spell levels left.
You knew the following spells:

 Your Spells              Type           Power        Failure   Level
a - Magic Dart            Conj           52%          9%          1

Your spell library contained the following spells:

 Spells                   Type           Power        Failure   Level
 Call Imp                 Summ           13%          12%         2
 Blink                    Tloc           N/A          17%         2
 Slow                     Hex            4%           26%         2
 Conjure Flame            Conj/Fire      8%           34%         3
 Mephitic Cloud           Conj/Pois/Air  7%           38%         3


Dungeon Overview and Level Annotations

Branches:
Dungeon (2/15)

Altars:


Innate Abilities, Weirdness & Mutations

You cannot wear most types of armour.
You are very stealthy in the water. (Stealth+)
You are amphibious.
You can wear up to eight rings at the same time.
You can use your tentacles to constrict eight enemies at once.
Your skin changes colour to match your surroundings (Stealth+).
Your rubbery body absorbs attacks. (AC +1, EV +1)
One of your tentacles bears a spike.
You have an increased reservoir of magic. (+10% MP)
You are weak. (Str -2)


Message History

* * * LOW HITPOINT WARNING * * *
You feel sick.
It was a potion of brilliance.
You feel clever all of a sudden.
It was a potion of berserk rage.
A red film seems to cover your vision as you go berserk!
You feel yourself moving faster!
You feel mighty!
* * * LOW HITPOINT WARNING * * *
You feel sick.
Calm down first, please.
Calm down first, please.
Calm down first, please.
You feel a strong urge to attack something.
You feel your anger nearly subside.
* * * LOW HITPOINT WARNING * * *
You feel sick.
You are no longer berserk.
You are exhausted.
You feel yourself slow down.
You die...

### #.######
########......#
#.............#
#.#....#.#######
#.#.##.#@)......
#.#.##.#########
#.#.##.#
#.#.##.#
#.#....#
######.#
.############.#
...............#
#.###########..#


There were no monsters in sight!

Vanquished Creatures
  An adder (D:2)
  2 bats (D:1)
  3 giant cockroaches
  A goblin (D:2)
  2 hobgoblins (D:1)
  5 frilled lizards
  2 kobolds (D:1)
  2 rats (D:1)
18 creatures vanquished.

Notes
Turn   | Place    | Note
-------+----------+-------------------------------------------
     0 | D:1      | thiole the Octopode Hedge Wizard began the quest for the
                  | Orb.
     0 | D:1      | Reached XP level 1. HP: 11/11 MP: 4/4
   309 | D:1      | Reached XP level 2. HP: 17/17 MP: 4/6
  1072 | D:2      | Reached XP level 3. HP: 5/21 MP: 4/7
  1075 | D:2      | Gained mutation: One of your tentacles bears a spike.
                  | [potion of mutation]
  1075 | D:2      | Gained mutation: You are weak. (Str -2) [potion of
                  | mutation]
  1075 | D:2      | Gained mutation: You have an increased reservoir of magic.
                  | (+10% MP) [potion of mutation]
  1075 | D:2      | HP: 1/21 [poisoned by an adder]
  1080 | D:2      | HP: 1/31 [poisoned by an adder]
  1082 | D:2      | Succumbed to an adder's poison

Illustrated notes

Levels and vault maps discovered:
D:1:      scummos_arrival_checkerplants, layout_basic
D:2:      layout_basic, lemuel_doored_altar

Skill      XL: |  1  2 |
---------------+-------+-----
Stealth        | 3 |  3.1
Dodging        | |  2.0
Spellcasting   | |  3.2
Conjurations   | |  1.8
Summonings     | |  1.8
Translocations | |  1.0

Action                   || total
-------------------------++-------
Melee: Dagger            ||    16
       Constrict         ||     6
       Tentacles         ||     2
 Cast: Magic Dart        ||    31
  Use: Potion            ||     4
Dodge: Dodged            ||    10
